 Dungeon Crawl Stone Soup version 0.29-a0-323-g050149af67 (webtiles) character file.

Game seed: 13563260858866217874

23335 Essalna the Fighter (level 13, -7/103 HPs)
             Began as a Djinni Conjurer on Apr 11, 2022.
             Was an Elder of Makhleb.
             Mangled by a komodo dragon (14 damage)
             ... while petrified by a catoblepas
             ... on level 5 of the Lair of Beasts.
             The game lasted 00:33:38 (17634 turns).

Essalna the Fighter (Djinni Conjurer)              Turns: 17634, Time: 00:33:39

Health: -7/103     AC:  7    Str:  8    XL:     13   Next: 34%
Gold:   1429       EV:  2    Int: 26    God:    Makhleb [****..] SH:  0 Dex: 17

rFire   + + .      SeeInvis +   (no weapon)
rCold   + . .      Faith    .   S - +1 buckler of the Lizard {rC+ Slay+2}
rNeg    + + +      Spirit   .   I - +1 robe {rC+}
rPois   ∞          Reflect  +   k - +0 helmet
rElec   .          Harm     .   D - +1 cloak
rCorr   .          Rampage  .   (no gloves)
Will    ++...                   (boots unavailable)
Stlth   ++........              J - amulet of No Interval {Reflect Will+ Str+2 SH+5}
HPRegen 0.27/turn               e - ring of see invisible
MPRegen 0.00/turn               T - +6 ring of dexterity

@: petrified, flying
A: sickness immunity, fire resistance 2, cold vulnerability 1, float, innate
caster, HP casting, extra vitality 1
a: Renounce Religion, Minor Destruction, Lesser Servant of Makhleb, Major
Destruction


You were on level 5 of the Lair of Beasts.
You worshipped Makhleb.
Makhleb was greatly pleased with you.
You visited 2 branches of the dungeon, and saw 13 of its levels.
You visited the Abyss 1 time.

You collected 1429 gold pieces.

Inventory:

Missiles
 L - a throwing net
Armour
 k - a +0 helmet (worn)
 D - a +1 cloak (worn)
 I - a +1 robe of cold resistance (worn)
 S - the +1 buckler of the Lizard (worn) {rC+ Slay+2}
   (You found it on level 3 of the Lair of Beasts)

   Slay:      It affects your accuracy & damage with ranged weapons and melee
   (+2).
   rC:        It protects you from cold.
Magical Staves
 m - a staff of poison
 t - a staff of fire
Jewellery
 e - a ring of see invisible (left hand)
 A - a +4 ring of slaying
 J - the amulet of No Interval (around neck) {Reflect Will+ Str+2 SH+5}
   (You acquired it on level 6 of the Dungeon)

   [amulet of reflection]

   It reflects blocked missile attacks.
   Str:       It affects your strength (+2).
   SH:        It affects your SH (+5).
   Will:      It increases your willpower.
 T - a +6 ring of dexterity (right hand)
Wands
 c - a wand of charming (10)
 i - a wand of iceblast (21)
 r - a wand of polymorph (5)
 w - a wand of paralysis (17)
 N - a wand of mindburst (4)
 Q - a wand of flame (15)
 R - a wand of digging (5)
Scrolls
 a - a scroll of enchant armour {unknown}
 b - 6 scrolls of teleportation
 n - a scroll of torment
 o - 5 scrolls of identify
 s - 2 scrolls of noise
 v - 2 scrolls of summoning
 y - 4 scrolls of enchant weapon {unknown}
 z - 2 scrolls of magic mapping {unknown}
 E - a scroll of blinking {unknown}
 F - a scroll of fog {unknown}
 G - a scroll of immolation {unknown}
 K - 2 scrolls of vulnerability {unknown}
 M - a scroll of silence {unknown}
 P - a scroll of fear {unknown}
Potions
 d - 2 potions of flight {unknown}
 f - 3 potions of heal wounds
 g - 4 potions of mutation {unknown}
 h - 7 potions of degeneration {unknown}
 j - 2 potions of might {unknown}
 l - 2 potions of invisibility {unknown}
 p - 7 potions of curing {unknown}
 q - 2 potions of resistance
 u - 2 potions of magic {unknown}
 x - 2 potions of haste {unknown}
 B - 2 potions of attraction {unknown}
 C - a potion of lignification {unknown}
 H - a potion of ambrosia {unknown}


   Skills:
 + Level 13.2 Fighting
 + Level 9.4 Armour
 - Level 2.1 Dodging
 - Level 1.5 Stealth
 - Level 5.1 Shields
 + Level 10.9 Spellcasting


You couldn't memorise any spells.
You knew the following spells:

 Your Spells              Type           Power      Damage    Failure   Level
a - Magic Dart            Conj           100%       1d8       1%          1
b - Searing Ray           Conj           100%       2d8       1%          2
c - Dazzling Flash        Conj/Hex       100%       N/A       1%          3
d - Fulminant Prism       Conj/Hex       31%        3d16      1%          4
e - Iskenderun's Mystic   Conj/Tloc      63%        2d13      1%          4
f - Sting                 Tmut/Pois      100%       1d8       1%          1
g - Ensorcelled Hibernat  Hex/Ice        100%       N/A       1%          2
h - Portal Projectile     Hex/Tloc       100%       N/A       1%          3
i - Spider Form           Tmut/Pois      63%        N/A       1%          3
j - Manifold Assault      Tloc           63%        N/A       1%          5
k - Silence               Hex/Air        31%        N/A       1%          5
Your spell library was empty.

Dungeon Overview and Level Annotations

Branches:
Dungeon (8/15)             Temple (0/1) D:4            Lair (5/6) D:8
 Shoals (0/4) Lair:2        Snake (0/4) Lair:3
  Slime: Lair:5-6

Altars:
Cheibriados
Gozag
Hepliaklqana
Makhleb
Sif Muna
Wu Jian
Xom
Zin

Shops:
D:6 (

Annotations:
Lair:3 exclusion: oklob plant


Innate Abilities, Weirdness & Mutations

You are immune to sickness and miasma.
You are immune to poison.
Your flesh is very heat resistant. (rF++)
You are vulnerable to cold. (rC-)
You float through the air rather than walking.
You learn spells naturally, not from books.
Your magical power is your life essence.
You have superior vitality. (+4 MHP)


Message History

You are slowing down.
You hear a bellow!
You hear a loud, deep croak!
You hear a bellow!
A blink frog comes into view.
Casting: Iskenderun's Mystic Blast (mildly dangerous; 1% risk of failure)
Confirm with . or Enter, or press ? or * to list all spells.
You can't see any susceptible monsters within range! (Use Z to cast anyway.)
You are engulfed in calcifying dust.
Your limbs have turned to stone.
The catoblepas breathes a plume of calcifying dust at you.
The blast of calcifying dust hits you.
The komodo dragon bites the fungus!!
The fungus begins to die.
You have turned to stone.
You are engulfed in calcifying dust.
The blink frog blinks!
You are engulfed in calcifying dust.
The catoblepas gores you!!
You are engulfed in calcifying dust.
The blink frog blinks!
The catoblepas gores you!! The komodo dragon bites you!
You hear a loud, deep croak!
A nearby fungus withers and dies.
The blink frog blinks! x3
The catoblepas gores you!! The komodo dragon bites you.
You hear a bellow! x2
You hear a bellow!
The catoblepas breathes a plume of calcifying dust at you.
The blast of calcifying dust hits you.
* * * LOW HITPOINT WARNING * * *
The komodo dragon bites you!
* * * LOW HITPOINT WARNING * * *
You are engulfed in calcifying dust.
The bullfrog hits you but does no damage.
The blink frog blinks!
The bullfrog releases a deep croak.
The bullfrog hits you.
* * * LOW HITPOINT WARNING * * *
The catoblepas breathes a plume of calcifying dust at you.
The blast of calcifying dust hits you but does no damage.
The komodo dragon bites you!
* * * LOW HITPOINT WARNING * * *
You are engulfed in calcifying dust.
The bullfrog hits you.
* * * LOW HITPOINT WARNING * * *
The blink frog blinks!
The catoblepas gores you!!
* * * LOW HITPOINT WARNING * * *
The komodo dragon bites you!!
You die...

.............
...........
......F..
.)....[
.P...#
##+.§P.##
#...§FP.#
#..§@...#
....§.lY...+
...###Y..#.#
Y ....F ..
....... ...
......... ..
........... .
.............


You could see a catoblepas, a komodo dragon, a yak, 2 blink frogs and a
bullfrog.

Vanquished Creatures
  2 hydras
  Sonja (Lair:2)
  The ghost of hemabe71 the Charlatan, a novice HuAr of Trog (D:5)
  Pikel (D:6)
  A manticore (Lair:2)
  9 black mambas
  A rime drake (Lair:3)
  5 cane toads
  4 komodo dragons
  A wind drake (Lair:2)
  2 polar bears
  Grinder (D:5)
  13 dream sheep
  12 blink frogs
  A wraith (D:6)
  4 wyverns
  10 yaks
  A basilisk (Lair:2)
  An acid dragon (D:8)
  13 water moccasins
  2 sky beasts
  2 orc warriors
  A swamp drake (D:8)
  3 ice beasts
  2 black bears
  2 ogres (D:5)
  3 centaurs
  6 wolves
  A lemure (D:6)
  2 phantoms
  A kobold brigand (D:5)
  3 gnoll sergeants
  11 bullfrogs
  2 scorpions
  3 wights (D:7)
  5 howler monkeys
  4 electric eels
  5 hounds
  Crazy Yiuf (D:5)
  A gnoll shaman (D:4)
  4 orc priests
  4 jellies
  Jessica (D:2)
  4 iguanas
  7 orc wizards
  25 gnolls
  11 adders
  A shadow imp (D:7)
  2 white imps
  A worm (D:2)
  48 orcs
  9 endoplasms
  3 giant cockroaches
  6 goblins
  9 hobgoblins
  4 jackals
  5 quokkas
  5 ball pythons
  6 bats
  4 frilled lizards
  12 kobolds
  5 rats
320 creatures vanquished.

Vanquished Creatures (collateral kills)
  A hydra (Lair:1)
  A water moccasin (Lair:1)
  A kobold (D:5)
3 creatures vanquished.

Vanquished Creatures (others)
  3 fulminant prisms (Lair:1)
  25 fungi
  42 plants
70 creatures vanquished.

Grand Total: 393 creatures vanquished

Notes
Turn   | Place    | Note
-------+----------+-------------------------------------------
     0 | D:1      | Essalna the Djinni Conjurer began the quest for the Orb.
     0 | D:1      | Reached XP level 1. HP: 15/15 MP: 0/0
   391 | D:1      | Reached skill level 1 in Fighting
   391 | D:1      | Reached XP level 2. HP: 21/22 MP: 0/0
   567 | D:1      | Found a faded altar of an unknown god.
   783 | D:1      | Reached XP level 3. HP: 15/27 MP: 0/0
   783 | D:1      | Learned a level 1 spell: Sting
  1209 | D:2      | Reached skill level 2 in Fighting
  1261 | D:2      | Reached XP level 4. HP: 24/33 MP: 0/0
  1601 | D:2      | Noticed Jessica
  1604 | D:2      | Killed Jessica
  1806 | D:2      | Reached XP level 5. HP: 40/40 MP: 0/0
  1806 | D:2      | Learned a level 2 spell: Ensorcelled Hibernation
  1882 | D:2      | Reached skill level 3 in Fighting
  2445 | D:3      | Reached XP level 6. HP: 40/46 MP: 0/0
  2574 | D:3      | Found a shimmering altar of Xom.
  2574 | D:3      | Found an opulent altar of Gozag.
  3171 | D:3      | Found an ornate altar of the Wu Jian Council.
  3301 | D:3      | Found a glowing silver altar of Zin.
  3417 | D:4      | Reached skill level 4 in Fighting
  4484 | D:4      | Reached XP level 7. HP: 39/53 MP: 0/0
  4484 | D:4      | Learned a level 3 spell: Portal Projectile
  4506 | D:4      | Reached skill level 5 in Spellcasting
  4736 | D:4      | Reached skill level 5 in Fighting
  5360 | D:4      | Found a staircase to the Ecumenical Temple.
  5547 | D:4      | Reached XP level 8. HP: 50/60 MP: 0/0
  5598 | D:4      | Found a burning altar of Makhleb.
  5608 | D:4      | Became a worshipper of Makhleb the Destroyer
  5644 | D:4      | Found a hazy altar of Hepliaklqana.
  5778 | D:5      | Entered Level 5 of the Dungeon
  5872 | D:5      | Reached skill level 6 in Fighting
  6426 | D:5      | Reached * piety under Makhleb
  6514 | D:5      | You are sucked into a shaft and drop 3 floors!
  6531 | D:8      | Reached skill level 7 in Fighting
  6685 | D:8      | Noticed a yak
  6709 | D:8      | Killed a yak
  6710 | D:8      | Reached XP level 9. HP: 46/68 MP: 0/0
  6710 | D:8      | Learned a level 3 spell: Spider Form
  7197 | D:7      | Reached skill level 8 in Fighting
  7243 | D:6      | Found Enalev's Weapon Shoppe.
  7311 | D:5      | Noticed Grinder
  7322 | D:5      | Killed Grinder
  7432 | D:5      | Found a runed translucent door.
  7433 | D:5      | Noticed Crazy Yiuf
  7441 | D:5      | Killed Crazy Yiuf
  7748 | D:5      | Found a runed translucent gate.
  7748 | D:5      | Found a runed translucent gate.
  7748 | D:5      | Noticed hemabe71's ghost (novice HuAr)
  7749 | D:5      | Found a runed translucent gate.
  7998 | D:5      | Identified a scroll of acquirement
  7998 | D:5      | Acquired 544 gold pieces
  8242 | D:5      | Cast into level 2 of the Abyss (kobold brigand)
  8266 | D:5      | Escaped the Abyss
  8286 | D:5      | Killed hemabe71's ghost
  8489 | D:6      | Reached XP level 10. HP: 67/77 MP: 0/0
  8563 | D:6      | Reached skill level 9 in Fighting
  8723 | D:6      | Noticed Pikel
  8731 | D:6      | Killed Pikel
  8903 | D:6      | Reached ** piety under Makhleb
  9516 | D:6      | Reached skill level 1 in Armour
  9665 | D:6      | Acquired the amulet of No Interval {Reflect Will+ Str+2
                  | SH+5}
 10208 | D:7      | Found a snail-covered altar of Cheibriados.
 10940 | D:8      | Reached skill level 10 in Fighting
 10940 | D:8      | Reached skill level 5 in Shields
 10963 | D:8      | Reached XP level 11. HP: 50/85 MP: 0/0
 10963 | D:8      | Learned a level 5 spell: Manifold Assault
 11632 | D:8      | Reached *** piety under Makhleb
 11771 | D:8      | Found a staircase to the Lair.
 11945 | Lair:1   | Entered Level 1 of the Lair of Beasts
 11968 | Lair:1   | Noticed an eight-headed hydra
 11978 | Lair:1   | Killed an eight-headed hydra
 12319 | Lair:1   | Reached skill level 5 in Armour
 12687 | Lair:1   | Noticed an eight-headed hydra
 12698 | Lair:1   | Killed an eight-headed hydra
 12699 | Lair:1   | Reached skill level 11 in Fighting
 13273 | Lair:1   | You are sucked into a shaft and drop 1 floor!
 13289 | Lair:2   | Reached XP level 12. HP: 83/94 MP: 0/0
 13462 | Lair:2   | Noticed Sonja
 14054 | Lair:2   | Killed Sonja
 14418 | Lair:2   | Reached skill level 12 in Fighting
 14418 | Lair:2   | Reached skill level 10 in Spellcasting
 14705 | Lair:2   | Found a staircase to the Shoals.
 15357 | Lair:3   | Reached **** piety under Makhleb
 15373 | Lair:3   | Reached XP level 13. HP: 31/102 MP: 0/0
 15373 | Lair:3   | Learned a level 5 spell: Silence
 15698 | Lair:3   | Found a staircase to the Snake Pit.
 15938 | Lair:3   | Identified the +1 buckler of the Lizard {rC+ Slay+2}
 16584 | Lair:4   | Reached skill level 13 in Fighting
 17116 | Lair:4   | Noticed an eight-headed hydra
 17124 | Lair:4   | Killed an eight-headed hydra
 17510 | Lair:5   | Noticed a four-headed hydra
 17621 | Lair:5   | Noticed a catoblepas
 17634 | Lair:5   | Mangled by a komodo dragon

Illustrated notes

Levels and vault maps discovered:
D:1:      dpeg_arrival_arbitrary_c, layout_rooms,
          dreamdust_ecumenical_altar_hidden_monk_grotto
D:2:      layout_rooms, uniq_jessica
D:3:      layout_loops_ring, zin_scriptorium, lemuel_round_altar,
          gammafunk_temple_overflow_elements, lemuel_doored_altar,
          guppyfry_early_orc_mine
D:4:      layout_rooms, mainiacjoe_overflow_catch_the_wave, temple_statues,
          pf_guarded_unrand_woodcutter
D:5:      layout_loops_cross, gammafunk_ghost_nasty_kobolds, uniq_grinder,
          uniq_crazy_yiuf_cottage
D:6:      layout_loops_ring, serial_shops, nicolae_shop_bloodbath_and_beyond,
          uniq_pikel
D:7:      layout_basic, old_standard_altar, kennysheep_doodads
D:8:      layout_loops_ring, erik_lair_dragon
Lair:1:   layout_regular_city, st_stairs_9
Lair:2:   layout_gridlike, minmay_shoals_entry_beasts, minivault_24,
          grunt_megastairs_4, uniq_sonja
Lair:3:   layout_cave_pods, minmay_snake_entry_six_corridors, serial_bayou,
          serial_bayou_ford_a, serial_bayou_pond_b, serial_bayou_pond_a,
          serial_bayou_shore_b, columned_hall_lemuel
Lair:4:   layout_gridlike
Lair:5:   layout_regular_city, dpeg_slime_entry_enclosed_altar,
          lemuel_fruit_fields

Skill      XL: |  1  2  3  4  5  6  7  8  9 10 11 12 13 |
---------------+----------------------------------------+-----
Fighting       | 1 2 3 4 5 7 8 10 11 12 13 | 13.2
Spellcasting   | 4 5 6 7 8 9 10 | 10.9
Shields        | 2 5 |  5.1
Armour         | 3 6 8 9 |  9.4
Dodging        | |  2.1
Stealth        | |  1.5

Action                   |  1- 3 |  4- 6 |  7- 9 | 10-12 | 13-15 || total
-------------------------+-------+-------+-------+-------+-------++-------
Melee: Battleaxe         |       |       |     7 |       |       ||     7
 Cast: Magic Dart        |    60 |   113 |   174 |   278 |    42 ||   667
       Sting             |     5 |    14 |     3 |       |       ||    22
       Searing Ray       |       |    14 |    26 |    26 |     1 ||    67
       Iskenderun's Myst |       |     1 |    15 |   117 |    34 ||   167
       Ensorcelled Hiber |       |     1 |     1 |       |       ||     2
       Dazzling Flash    |       |       |     1 |       |       ||     1
       Fulminant Prism   |       |       |       |     3 |       ||     3
  Use: Scroll            |       |       |     7 |     2 |       ||     9
       Potion            |       |       |     1 |       |       ||     1
Armor: Robe              |     2 |     4 |     5 |    17 |     8 ||    36
Dodge: Dodged            |     7 |    21 |    34 |    48 |     9 ||   119
Block: Buckler           |       |       |     5 |    26 |    13 ||    44
       Reflection        |       |       |       |     2 |       ||     2

Table legend: (Time is in decaauts)
 A = Elapsed time spent in this place.
 B = Non-inter-level travel time spent in this place.
 C = Inter-level travel time spent in this place.
 D = Time resting spent in this place.
 E = Time spent auto-exploring this place.
 F = Levels seen in this place.
 G = Mean time per level.
                   A        B        C        D        E       F      G
               +--------+--------+--------+--------+--------+-----+--------+
         Total |  17648 |  17265 |    383 |    896 |  14231 |  14 | 1260.6 |
       Dungeon |  12237 |  11940 |    297 |    828 |   9673 |   8 | 1529.6 |
          Lair |   5387 |   5301 |     86 |     68 |   4557 |   5 | 1077.4 |
         Abyss |     23 |     23 |      0 |      0 |      0 |   1 |   23.0 |
               +--------+--------+--------+--------+--------+-----+--------+

Top non-repeatable levels by time:
     D:8: 2261 daAuts
     D:3: 2016 daAuts
     D:4: 1815 daAuts
     D:5: 1801 daAuts
  Lair:2: 1585 daAuts
     D:6: 1466 daAuts
  Lair:1: 1383 daAuts
  Lair:3: 1336 daAuts
     D:1: 1200 daAuts
  Lair:4: 1043 daAuts
     D:2: 900 daAuts
     D:7: 775 daAuts
  Lair:5: 37 daAuts
 Abyss:2: 23 daAuts
